MID
AUGUSTA GREENJACKETS @ DAYTON DRAGONS
09/08/2048
 
TOP OF THE 1ST
Augusta GreenJackets batting - Pitching for Dayton Dragons : RHP Narciso Umbelino
Pitching: RHP Narciso Umbelino
Batting: RHB Mario Mendoza 0-0: Ball
1-0: Ball
2-0: Ground out 5-3 (Groundball, 56, EV 105.6 MPH)
Batting: RHB Ryan Bentz 0-0: Called Strike
0-1: Foul Ball, location: 2F
0-2: Foul Ball, location: 2F
0-2: Ball
1-2: Strikes out swinging
Batting: RHB Troy Trice 0-0: Ball
1-0: Ball
2-0: Called Strike
2-1: Foul Ball, location: 2F
2-2: Strikes out swinging
Top of the 1st over - 0 runs, 0 hits, 0 errors, 0 left on base; Augusta 0 - Dayton 0
BOTTOM OF THE 1ST
Dayton Dragons batting - Pitching for Augusta GreenJackets : LHP Ricky Coats
Pitching: LHP Ricky Coats
Batting: LHB Leo Gomez 0-0: Called Strike
0-1: Called Strike
0-2: Ball
1-2: SINGLE (Groundball, 34S, EV 62.5 MPH) (infield hit)
Batting: RHB Chris Zamora 0-0: Ball
Leo Gomez steals 2nd base
1-0: Ball
2-0: Swinging Strike
2-1: Foul Ball, location: 2F
2-2: Strikes out swinging
Batting: RHB Tony Casas 0-0: Swinging Strike
0-1: Called Strike
0-2: Ball
1-2: Ball
2-2: Strikes out swinging
Batting: RHB Juan Zamora 0-0: Called Strike
0-1: Ground out 6-3 (Groundball, 6, EV 87.5 MPH)
Bottom of the 1st over - 0 runs, 1 hit, 0 errors, 1 left on base; Augusta 0 - Dayton 0
TOP OF THE 2ND
Augusta GreenJackets batting - Pitching for Dayton Dragons : RHP Narciso Umbelino
Batting: LHB Oscar Tamayo 0-0: SINGLE (Groundball, 4M, EV 106.9 MPH) (infield hit)
Batting: RHB Tony Harper 0-0: Ball
1-0: Called Strike
1-1: Ball
2-1: SINGLE (Line Drive, 34D, EV 99.4 MPH)
Oscar Tamayo to second
Runner from 2nd tries for 3rd, SAFE, throw by RF made to third
Batting: RHB Dave Perron 0-0: Ball
1-0: Foul Ball, location: 2F
1-1: Called Strike
1-2: Strikes out swinging
Batting: LHB Chris West 0-0: Called Strike
0-1: Called Strike
0-2: Ball
1-2: Foul Ball, location: 2F
1-2: Strikes out looking
Batting: LHB Shane Cruse 0-0: Ground out 5-3 (Groundball, 5S, EV 85.6 MPH)
Top of the 2nd over - 0 runs, 2 hits, 0 errors, 2 left on base; Augusta 0 - Dayton 0
BOTTOM OF THE 2ND
Dayton Dragons batting - Pitching for Augusta GreenJackets : LHP Ricky Coats
Batting: RHB Mark Williams 0-0: Ground out U3 (Groundball, 3S, EV 85.0 MPH)
Batting: LHB Matt Kennedy 0-0: Ball
1-0: Hit by Pitch
Batting: RHB Ernie Maldonado 0-0: Called Strike
0-1: Fielders Choice at 2nd, 4-6 (Groundball, 34S, EV 86.9 MPH)
Batting: LHB Chris Redhead 0-0: Fly out, F9 (Line Drive, 9S, EV 106.2 MPH)
Bottom of the 2nd over - 0 runs, 0 hits, 0 errors, 1 left on base; Augusta 0 - Dayton 0
TOP OF THE 3RD
Augusta GreenJackets batting - Pitching for Dayton Dragons : RHP Narciso Umbelino
Batting: RHB Josh Truell 0-0: Called Strike
0-1: Ball
1-1: Called Strike
1-2: Foul Ball, location: 2F
1-2: Strikes out swinging
Batting: RHB Mario Mendoza 0-0: Foul Ball, location: 2F
0-1: Foul Ball, location: 2F
0-2: Foul Ball, location: 2F
0-2: Ball
1-2: Ball
2-2: SINGLE (Groundball, 56D, EV 93.8 MPH)
Batting: RHB Ryan Bentz 0-0: Called Strike
0-1: Ball
1-1: Ground out 5-3 (Groundball, 56, EV 86.9 MPH)
Mario Mendoza to second
Batting: RHB Troy Trice 0-0: Ball
1-0: Called Strike
1-1: Called Strike
1-2: Foul Ball, location: 2F
1-2: Ball
2-2: Foul Ball, location: 2F
2-2: Foul Ball, location: 2F
2-2: Ball
3-2: Strikes out swinging
Top of the 3rd over - 0 runs, 1 hit, 0 errors, 1 left on base; Augusta 0 - Dayton 0
BOTTOM OF THE 3RD
Dayton Dragons batting - Pitching for Augusta GreenJackets : LHP Ricky Coats
Batting: RHB Yutaka Sato 0-0: Called Strike
0-1: Foul Ball, location: 2F
0-2: Ball
1-2: Strikes out looking
Batting: LHB Leo Gomez 0-0: Called Strike
0-1: Called Strike
0-2: Ball
1-2: Strikes out swinging
Batting: RHB Chris Zamora 0-0: Called Strike
0-1: Foul Ball, location: 2F
0-2: Foul Ball, location: 2F
0-2: Ball
1-2: Ball
2-2: Foul Ball, location: 2F
2-2: Foul Ball, location: 2F
2-2: Foul Ball, location: 2F
2-2: Ground out 4-3 (Groundball, 4M, EV 101.2 MPH)
Bottom of the 3rd over - 0 runs, 0 hits, 0 errors, 0 left on base; Augusta 0 - Dayton 0
TOP OF THE 4TH
Augusta GreenJackets batting - Pitching for Dayton Dragons : RHP Narciso Umbelino
Batting: LHB Oscar Tamayo 0-0: SINGLE (Flyball, 9S, EV 87.5 MPH) - OUT at second base trying to stretch hit.
Batting: RHB Tony Harper 0-0: Ground out U3 (Groundball, 3L, EV 91.9 MPH)
Batting: RHB Dave Perron 0-0: Called Strike
0-1: Called Strike
0-2: Ball
1-2: Foul Ball, location: 2F
1-2: Foul Ball, location: 2F
1-2: Ball
2-2: Foul Ball, location: 2F
2-2: DOUBLE (Line Drive, 78M, EV 98.8 MPH)
Batting: LHB Chris West 0-0: Ball
1-0: Ground out U3 (Groundball, 3, EV 90.0 MPH)
Top of the 4th over - 0 runs, 2 hits, 0 errors, 1 left on base; Augusta 0 - Dayton 0
BOTTOM OF THE 4TH
Dayton Dragons batting - Pitching for Augusta GreenJackets : LHP Ricky Coats
Batting: RHB Tony Casas 0-0: Ball
1-0: Ball
2-0: Called Strike
2-1: Called Strike
2-2: Foul Ball, location: 2F
2-2: Ball
3-2: Ground out 6-3 (Groundball, 6, EV 107.5 MPH)
Batting: RHB Juan Zamora 0-0: Foul Ball, location: 2F
0-1: Ball
1-1: SINGLE (Line Drive, 7S, EV 98.1 MPH)
Batting: RHB Mark Williams 0-0: Called Strike
0-1: Fielders Choice at 2nd, 4-6 (Groundball, 4S, EV 87.5 MPH)
Batting: LHB Matt Kennedy 0-0: Called Strike
0-1: Foul Ball, location: 2F
0-2: Ball
Mark Williams is caught stealing 2nd base 2-6
Bottom of the 4th over - 0 runs, 1 hit, 0 errors, 0 left on base; Augusta 0 - Dayton 0
TOP OF THE 5TH
Augusta GreenJackets batting - Pitching for Dayton Dragons : RHP Narciso Umbelino
Batting: LHB Shane Cruse 0-0: Called Strike
0-1: Ground out 6-3 (Groundball, 6, EV 81.9 MPH)
Batting: RHB Josh Truell 0-0: SINGLE (Groundball, 6MD, EV 106.9 MPH)
Batting: RHB Mario Mendoza 0-0: Called Strike
Josh Truell is caught stealing 2nd base 2-4
0-1: Ball
1-1: Ball
2-1: SINGLE (Groundball, 4S, EV 73.1 MPH) (infield hit)
Batting: RHB Ryan Bentz 0-0: Foul Ball, location: 2F
0-1: Foul Ball, location: 2F
0-2: SINGLE (Line Drive, 4MD, EV 100.6 MPH)
Mario Mendoza to second
Batting: RHB Troy Trice 0-0: Called Strike
0-1: Called Strike
0-2: Foul Ball, location: 2F
0-2: Ball
1-2: Fielders Choice at 2nd, 6-4 (Groundball, 56, EV 88.8 MPH)
Top of the 5th over - 0 runs, 3 hits, 0 errors, 2 left on base; Augusta 0 - Dayton 0
BOTTOM OF THE 5TH
Dayton Dragons batting - Pitching for Augusta GreenJackets : LHP Ricky Coats
Batting: LHB Matt Kennedy 0-0: Called Strike
0-1: Foul Ball, location: 2F
0-2: Foul Ball, location: 2F
0-2: Foul Ball, location: 2F
0-2: Ball
1-2: Ball
2-2: Ball
3-2: Ground out 4-3 (Groundball, 34, EV 79.4 MPH)
Batting: RHB Ernie Maldonado 0-0: Called Strike
0-1: Reached on error, E4 (Flyball, 34D, EV 85.0 MPH)
Batting: LHB Chris Redhead 0-0: Ball
Ernie Maldonado is caught stealing 2nd base 2-6
1-0: Foul Ball, location: 2F
1-1: Fly out, F8 (Flyball, 8LD, EV 104.4 MPH)
Bottom of the 5th over - 0 runs, 0 hits, 1 error, 0 left on base; Augusta 0 - Dayton 0
TOP OF THE 6TH
Augusta GreenJackets batting - Pitching for Dayton Dragons : RHP Narciso Umbelino
Batting: LHB Oscar Tamayo 0-0: Called Strike
0-1: Called Strike
0-2: Ball
1-2: Ball
2-2: Strikes out swinging
Batting: RHB Tony Harper 0-0: Ground out 5-3 (Groundball, 25, EV 88.1 MPH)
Batting: RHB Dave Perron 0-0: Ball
1-0: Foul Ball, location: 2F
1-1: Ball
2-1: Foul Ball, location: 2F
2-2: SINGLE (Groundball, 56S, EV 64.4 MPH) (infield hit)
Batting: LHB Chris West 0-0: Called Strike
0-1: Ball
1-1: Called Strike
1-2: Strikes out looking
Top of the 6th over - 0 runs, 1 hit, 0 errors, 1 left on base; Augusta 0 - Dayton 0
BOTTOM OF THE 6TH
Dayton Dragons batting - Pitching for Augusta GreenJackets : LHP Ricky Coats
Batting: RHB Yutaka Sato 0-0: Ball
1-0: Swinging Strike
1-1: Ball
2-1: Ball
3-1: Base on Balls
Pitching: RHP Nick McDade
Batting: LHB Leo Gomez 0-0: Ball
Yutaka Sato is caught stealing 2nd base 2-6
1-0: Called Strike
1-1: Ball
2-1: Ball
3-1: DOUBLE (Line Drive, 9LS, EV 109.4 MPH)
Batting: RHB Chris Zamora 0-0: Called Strike
0-1: Foul Ball, location: 2F
0-2: Ball
1-2: Ball
2-2: Ground out 5-3 (Groundball, 56, EV 106.9 MPH)
Batting: RHB Tony Casas 0-0: Called Strike
0-1: Ball
1-1: Ball
2-1: Ball
3-1: Called Strike
3-2: Fly out, F7 (Flyball, 78S, EV 80.6 MPH)
Bottom of the 6th over - 0 runs, 1 hit, 0 errors, 1 left on base; Augusta 0 - Dayton 0
TOP OF THE 7TH
Augusta GreenJackets batting - Pitching for Dayton Dragons : RHP Narciso Umbelino
Batting: LHB Shane Cruse 0-0: Ball
1-0: Ball
2-0: Called Strike
2-1: Fly out, F8 (Line Drive, 8LM, EV 101.2 MPH)
Pitching: RHP Sean Jordan
Batting: RHB Josh Truell 0-0: Ball
1-0: Ball
2-0: Called Strike
2-1: Ground out 6-3 (Groundball, 6M, EV 101.2 MPH)
Batting: RHB Mario Mendoza 0-0: Called Strike
0-1: Called Strike
0-2: Foul Ball, location: 2F
0-2: Ball
1-2: Ball
2-2: Foul Ball, location: 2F
2-2: Foul Ball, location: 2F
2-2: Ball
3-2: Base on Balls
Batting: RHB Ryan Bentz 0-0: Called Strike
Mario Mendoza steals 2nd base
0-1: Ball
1-1: Ball
2-1: Fly out, F7 (Flyball, 7D, EV 86.2 MPH)
Top of the 7th over - 0 runs, 0 hits, 0 errors, 1 left on base; Augusta 0 - Dayton 0
BOTTOM OF THE 7TH
Dayton Dragons batting - Pitching for Augusta GreenJackets : RHP Nick McDade
Pitching: RHP Hiroaki Yazawa
Batting: RHB Juan Zamora 0-0: Ball
1-0: Called Strike
1-1: Fly out, F9 (Flyball, 9LM, EV 88.8 MPH)
Batting: RHB Mark Williams 0-0: Called Strike
0-1: Ball
1-1: Ball
2-1: SINGLE (Groundball, 34D, EV 104.4 MPH)
Batting: LHB Matt Kennedy 0-0: Ball
1-0: Called Strike
1-1: Foul Ball, location: 2F
1-2: SINGLE (Line Drive, 6M, EV 97.5 MPH)
Mark Williams to second
Pinch Hitting: LHB Jeremy Robertson 0-0: Ball
1-0: Ball
2-0: Ball
3-0: Base on Balls
Mark Williams to third
Matt Kennedy to second
Batting: LHB Chris Redhead 0-0: Foul Ball, location: 2F
0-1: Swinging Strike
0-2: Strikes out swinging
Pinch Hitting: RHB Andy Bachman 0-0: Ball
1-0: Called Strike
1-1: Swinging Strike
1-2: SINGLE (Groundball, 6M, EV 101.9 MPH) (infield hit)
Mark Williams scores
Matt Kennedy to third
Jeremy Robertson to second
Batting: LHB Leo Gomez 0-0: Ball
1-0: Called Strike
1-1: SINGLE (Groundball, 34D, EV 103.8 MPH)
Matt Kennedy scores
Jeremy Robertson to third
Andy Bachman to second
Runner from 3rd tries for Home, SAFE, throw by RF to home
Batting: RHB Chris Zamora 0-0: Ball
1-0: Fielders Choice at 2nd, 6-4 (Groundball, 6, EV 83.1 MPH)
Bottom of the 7th over - 3 runs, 4 hits, 0 errors, 2 left on base; Augusta 0 - Dayton 3
TOP OF THE 8TH
Augusta GreenJackets batting - Pitching for Dayton Dragons : RHP Sean Jordan
Now at 1B: Mark Williams
Now at 2B: Jeremy Robertson
Now at SS: Andy Bachman
Batting: RHB Troy Trice 0-0: Fly out, F9 (Line Drive, 89M, EV 95.6 MPH)
Batting: LHB Oscar Tamayo 0-0: Ball
1-0: Called Strike
1-1: Foul Ball, location: 2F
1-2: Strikes out swinging
Batting: RHB Tony Harper 0-0: Ball
1-0: Swinging Strike
1-1: Ball
2-1: Foul Ball, location: 2F
2-2: Strikes out swinging
Top of the 8th over - 0 runs, 0 hits, 0 errors, 0 left on base; Augusta 0 - Dayton 3
BOTTOM OF THE 8TH
Dayton Dragons batting - Pitching for Augusta GreenJackets : RHP Hiroaki Yazawa
Pitching: RHP Eddie Ramirez
Batting: RHB Tony Casas 0-0: Ball
1-0: Ball
2-0: Swinging Strike
2-1: Ball
3-1: Called Strike
3-2: Base on Balls
Batting: RHB Juan Zamora 0-0: Ball
Tony Casas steals 2nd base
1-0: Ball
2-0: Ball
3-0: Base on Balls
Batting: RHB Mark Williams 0-0: Ball
1-0: Foul Ball, location: 2F
1-1: Called Strike
1-2: SINGLE (Groundball, 6S, EV 74.4 MPH) (infield hit)
Tony Casas to third
Juan Zamora to second
Batting: LHB Matt Kennedy 0-0: Ball
1-0: Ball
2-0: Ball
3-0: Called Strike
3-1: Base on Balls
Tony Casas scores
Juan Zamora to third
Mark Williams to second
Batting: LHB Jeremy Robertson 0-0: Ball
1-0: DOUBLE (Line Drive, 8RXD, EV 105.0 MPH)
Juan Zamora scores
Mark Williams scores
Matt Kennedy to third
Pitching: RHP Danny MacKinnon
Batting: LHB Chris Redhead 0-0: Ball
1-0: Swinging Strike
1-1: SINGLE (Groundball, 6, EV 100.0 MPH)
Matt Kennedy scores
Jeremy Robertson to third
Batting: RHB Andy Bachman 0-0: Ball
1-0: Called Strike
1-1: Ball
2-1: Ball
3-1: Foul Ball, location: 2F
3-2: Fly out, F9 (Flyball, 9D, EV 100.6 MPH)
Runner from 3rd tags up, SCORES, throw by RF
Batting: LHB Leo Gomez 0-0: Called Strike
0-1: Called Strike
0-2: Ball
1-2: Foul Ball, location: 2F
1-2: Ball
2-2: Strikes out swinging
Batting: RHB Chris Zamora 0-0: Ball
Chris Redhead steals 2nd base
1-0: SINGLE (Groundball, 6MD, EV 100.6 MPH)
Chris Redhead to third
Runner from 3rd tries for Home, SAFE, throw by CF to home
Batting: RHB Tony Casas 0-0: Ball
1-0: Ball
2-0: Foul Ball, location: 2F
2-1: Called Strike
2-2: SINGLE (Groundball, 4MD, EV 94.4 MPH)
Chris Zamora to second
Batting: RHB Juan Zamora 0-0: Ball
1-0: Ball
2-0: Ball
3-0: Base on Balls
Chris Zamora to third
Tony Casas to second
Batting: RHB Mark Williams 0-0: Ground out 6-3 (Groundball, 6M, EV 93.8 MPH)
Bottom of the 8th over - 6 runs, 5 hits, 0 errors, 3 left on base; Augusta 0 - Dayton 9
TOP OF THE 9TH
Augusta GreenJackets batting - Pitching for Dayton Dragons : RHP Sean Jordan
Batting: RHB Dave Perron 0-0: Called Strike
0-1: Ball
1-1: Ball
2-1: Ball
3-1: DOUBLE (Line Drive, 7LM, EV 98.8 MPH)
Batting: LHB Chris West 0-0: Ball
1-0: Fly out, F7 (Flyball, 78S, EV 85.0 MPH)
Batting: LHB Shane Cruse 0-0: Ball
1-0: Called Strike
1-1: Ball
2-1: Ball
3-1: Called Strike
3-2: Base on Balls
Pitching: RHP Juan Hernandez
Batting: RHB Josh Truell 0-0: Fly out, F3 (Popup, 23F, EV 83.8 MPH)
Batting: RHB Mario Mendoza 0-0: SINGLE (Groundball, 56D, EV 107.5 MPH)
Dave Perron to third
Shane Cruse to second
Batting: RHB Ryan Bentz 0-0: Ball
1-0: Ball
2-0: SINGLE (Groundball, P, EV 96.9 MPH)
Dave Perron scores
Shane Cruse to third
Mario Mendoza to second
Batting: RHB Troy Trice 0-0: Foul Ball, location: 2F
0-1: Foul Ball, location: 2F
0-2: Ball
1-2: GRAND SLAM HOME RUN (Flyball, 9LD, EV 96.9 MPH), Distance : 350 ft
Pitching: RHP Jalen Patterson
Now in RF: Tim Kirk
Batting: LHB Oscar Tamayo 0-0: Ball
1-0: Ball
2-0: Ball
3-0: Base on Balls
Batting: RHB Tony Harper 0-0: Ball
1-0: Ball
Wild Pitch!
Oscar Tamayo to second
2-0: Foul Ball, location: 2F
2-1: Foul Ball, location: 2F
2-2: Foul Ball, location: 2F
2-2: Fly out, F8 (Flyball, 8RXD, EV 103.8 MPH)
Top of the 9th over - 5 runs, 4 hits, 0 errors, 1 left on base; Augusta 5 - Dayton 9
Tuesday, March 28th , 2023 - OOTP Baseball 23.10 Build 110